 Dungeon Crawl Stone Soup version 0.25-a0-424-g80bd347 (webtiles) character file.

Game seed: 5346697190071718028, levelgen mode: deterministic

611 BlueFish the Covert (level 7, -3/40 HPs)
             Began as a Vampire Assassin on Jan 20, 2020.
             Slain by a killer bee (5 damage)
             ... on level 5 of the Dungeon.
             The game lasted 00:12:11 (3813 turns).

BlueFish the Covert (Vampire Assassin)              Turns: 3813, Time: 00:12:11

Health: -3/40      AC:  5    Str: 10    XL:     7   Next: 20%
Magic:  7/7        EV: 18    Int: 14    God:
Gold:   96         SH:  6    Dex: 22    Spells: 6/6 levels left

rFire    . . .     SeeInvis +   l - +2 dagger (freeze)
rCold    + + .     Gourm    .   (no shield)
rNeg     + + +     Faith    .   h - +1 robe {rN+}
rPois    ∞         Spirit   .   (no helmet)
rElec    .         Reflect  +   c - +1 cloak
rCorr    .         Harm     .   (no gloves)
MR       .....                  (no boots)
Stlth    ++++++++..             y - +6 amulet of reflection
HPRegen  0.00/turn              p - ring of flight
MPRegen  0.10/turn              (no ring)

@: agile, about to teleport, bloodless
A: no food, fangs 3, see invisible, unbreathing
a: Bat Form, Revivify, Evoke Flight


You were on level 5 of the Dungeon.
You were bloodless.

You visited 1 branch of the dungeon, and saw 5 of its levels.

You collected 166 gold pieces.
You spent 70 gold pieces at shops.

Inventory:

Hand Weapons
 a - a +2 dagger
 l - a +2 dagger of freezing (weapon)
 t - a +0 dagger of venom
Missiles
 d - 37 poisoned darts (quivered)
 e - 2 curare-tipped darts
Armour
 c - a +1 cloak (worn)
 h - a +1 robe of positive energy (worn)
Jewellery
 i - an uncursed amulet of the acrobat
 p - a ring of flight (left hand)
 u - an uncursed ring of poison resistance
 y - a +6 amulet of reflection (around neck)
 A - an uncursed amulet of magic regeneration {unknown}
Wands
 r - a wand of flame (52)
Scrolls
 q - a scroll of amnesia {unknown}
 v - 2 scrolls of remove curse
 x - a scroll of magic mapping
 z - a scroll of fog {unknown}
Potions
 b - a potion of brilliance {unknown}
 f - a potion of agility
 g - 3 potions of lignification
 j - a potion of heal wounds {unknown}
 k - 5 potions of curing
 m - a potion of haste {unknown}
 o - a potion of degeneration {unknown}
 s - a potion of magic {unknown}


   Skills:
 + Level 2.6 Fighting
 * Level 5.7 Short Blades
 + Level 1.6 Throwing
 + Level 2.2 Dodging
 * Level 10.0 Stealth


You had 6 spell levels left.
You didn't know any spells.
Your spell library was empty.

Dungeon Overview and Level Annotations

Branches:
Dungeon (5/15)
 Temple: D:4-7

Altars:
Elyvilon
Nemelex Xobeh
Okawaru
Sif Muna
Uskayaw

Shops:
D:4 *(!*


Innate Abilities, Weirdness & Mutations

You do not eat.
You do not regenerate when monsters are visible.
You are frail without blood (-20% HP).
You can heal yourself when you bite living creatures.
You are immune to poison.
You have razor-sharp teeth.
You have supernaturally acute eyesight. (SInv)
You can survive without breathing.


Message History

* * * LOW HITPOINT WARNING * * *
You hit the killer bee but do no damage.
The killer bee is severely wounded.
The killer bee misses you. The killer bee barely misses you.
You hit the killer bee but do no damage.
The killer bee is severely wounded.
The killer bee barely misses you.
You closely miss the killer bee.
The killer bee is severely wounded.
The killer bee stings you.
* * * LOW HITPOINT WARNING * * *
The killer bee stings you but does no damage.
You hit the killer bee. You freeze the killer bee.
You bite the killer bee, but do no damage.
The killer bee is almost dead.
The killer bee closely misses you.
As you read the scroll of teleportation, it crumbles to dust.
You feel strangely unstable. The killer bee barely misses you. x2
The killer bee stings you.
You die...

##.......## ####.......
#.........# ##.##.....#.
#####..##.##..#### ##..##.......
..............#..####....#.....))
......####<........###...†.....#.
#......# ##..#.....###......⌠.⌠#.
##.....####.###...).##......._...
##.......#...##.....##..#..#⌠.⌠..
##...##..##.....@y...#.)...##....
......##......#..y.......)..####.
.......#....######.#.##..#..####.
.........##.# ##o###...#.......
.........#..# ##..# ##.##..#..#.
.........#..# #...# #.....#....
..###.#%.##. #...# #...o.##..:
..# ##.... ....## #.....# ... ...
..### #..... #....##......


You could see 2 killer bees and an orc.

Vanquished Creatures
  Grinder (D:3)
  2 bullfrogs
  A scorpion (D:5)
  A hound (D:5)
  An orc priest (D:5)
  2 orc wizards (D:3)
  3 adders
  2 oozes
  2 worms
  A dart slug (D:1)
  3 leopard geckos
  11 orcs
  2 ball pythons
  11 goblins
  9 hobgoblins
  2 jackals (D:1)
  6 kobolds
  2 quokkas
  7 bats
  7 frilled lizards
  A quokka zombie (D:5)
  4 rats
81 creatures vanquished.

Notes
Turn   | Place    | Note
-------+----------+-------------------------------------------
     0 | D:1      | BlueFish the Vampire Assassin began the quest for the Orb.
     0 | D:1      | Reached XP level 1. HP: 16/16 MP: 1/1
    40 | D:1      | Reached skill level 6 in Stealth
   268 | D:1      | Reached XP level 2. HP: 22/22 MP: 2/2
   701 | D:1      | Reached skill level 7 in Stealth
   748 | D:1      | Reached XP level 3. HP: 13/27 MP: 3/3
  1652 | D:2      | Reached XP level 4. HP: 26/33 MP: 4/4
  1868 | D:3      | Noticed a bullfrog
  1878 | D:3      | Killed a bullfrog
  1878 | D:3      | Reached skill level 8 in Stealth
  1958 | D:3      | Noticed Grinder
  1993 | D:3      | Reached XP level 5. HP: 27/30 MP: 5/5
  2530 | D:3      | Killed Grinder
  2530 | D:3      | Reached skill level 5 in Short Blades
  2530 | D:3      | Reached skill level 9 in Stealth
  2530 | D:3      | Reached XP level 6. HP: 36/36 MP: 6/6
  2886 | D:4      | Found Dyax's General Store.
  2894 | D:4      | Bought a scroll of identify for 28 gold pieces
  2894 | D:4      | Bought a potion of curing for 42 gold pieces
  2899 | D:4      | Found Plog's Distillery.
  2931 | D:4      | Found Calysyrch's Antique Weapon Shoppe.
  3127 | D:4      | Found Jaxucrum's Assorted Antiques.
  3172 | D:4      | Found a shimmering blue altar of Sif Muna.
  3357 | D:4      | Found a white marble altar of Elyvilon.
  3365 | D:4      | Found a hide-covered altar of Uskayaw.
  3368 | D:4      | Found an iron altar of Okawaru.
  3466 | D:5      | Entered Level 5 of the Dungeon
  3521 | D:5      | Found a sparkling altar of Nemelex Xobeh.
  3567 | D:5      | Reached XP level 7. HP: 15/40 MP: 7/7
  3757 | D:5      | Reached skill level 10 in Stealth
  3809 | D:5      | HP: 2/40 [killer bee (6)]
  3813 | D:5      | Slain by a killer bee

Levels and vault maps discovered:
D:1:      tarquinn_simple_flora_water_a, layout_basic, grunt_decor_fettered
D:2:      layout_basic
D:3:      layout_loops_cross, first_ration, uniq_grinder
D:4:      layout_loops_ring, minitemple, serial_shops, shop,
          nicolae_shop_waterfront, nicolae_shop_competitors_out_of_business,
          nicolae_shop_trees, led_sif_pool
D:5:      layout_cave_pools, nemelex_xobeh_ov_fountains_minmay,
          vehumet_crystals, minmay_temple_entry_stoned_glass

Skill      XL: |  1  2  3  4  5  6  7 |
---------------+----------------------+-----
Stealth        | 6 7 8 9 10 | 10.0
Short Blades   | 3 5 |  5.7
Fighting       | 2 |  2.6
Dodging        | 2 |  2.2
Throwing       | |  1.6

Action                   |  1- 3 |  4- 6 |  7- 9 || total
-------------------------+-------+-------+-------++-------
Melee: Dagger            |   109 |   105 |    29 ||   243
       Bite              |     9 |     7 |     5 ||    21
 Abil: Exsanguinate      |       |     1 |       ||     1
  Use: Scroll            |     2 |     5 |     2 ||     9
       Potion            |       |       |     1 ||     1
 Stab: Sleeping          |    13 |    14 |       ||    27
Armor: Robe              |    14 |    15 |     4 ||    33
Dodge: Dodged            |    62 |    50 |    18 ||   130
Block: Other             |       |     5 |     7 ||    12

Table legend:
 A = Non-vault XP
 B = Vault XP
 C = Vault XP percentage of total XP
 D = Non-vault monster count
 E = Vault monster count
 F = Vault count percentage of total count
                 A         B        C        D         E       F
            +---------+---------+-------+---------+---------+-------
      Total |     588 |     286 |  32.7 |      80 |       1 |   1.2
            +---------+---------+-------+---------+---------+-------
        D:1 |      42 |       0 |   0.0 |      23 |       0 |   0.0
        D:2 |      57 |       0 |   0.0 |      18 |       0 |   0.0
        D:3 |     217 |     286 |  56.9 |      24 |       1 |   4.0
        D:4 |     110 |       0 |   0.0 |       7 |       0 |   0.0
        D:5 |     162 |       0 |   0.0 |       8 |       0 |   0.0
            +---------+---------+-------+---------+---------+-------
